AoeStats
← RH450

Black Forest

504410733Analyzed
4v4 RM · 28d ago on Sep 5, 2026· 56m 6s· 8 players
Game mode
Random Map
Map size
Large (8 player)
Population
200
Speed
Normal
Resources
Standard
Victory
Conquest
Starting age
Dark Age
Ending age
Imperial Age
RankedLock teamsTeams togetherTeam positionsShared explorationLock speedFull tech treeHidden civsTurbo modeCheats
Victory
Defeat
🇹🇼 Burgundians · Taiwan
1091
+11
🇦🇺 Khmer · Australia
1041
+13
🇨🇳 Bohemians · China
1008
+14
🇫🇷 Slavs · France
960
+17
🇪🇸 Mongols · Spain
1020
-16
🇪🇸 Georgians · Spain
975
-14
🇸🇪 Inca · Sweden
956
-13
🇬🇧 Khmer · United Kingdom
943
-12
心焰2
1:07 Loom
12:12 Feudal Age
13:23 Double-Bit Axe
16:07 Castle Age
17:42 Bow Saw
17:31 Horse Collar
23:10 Wheelbarrow
22:44 Heavy Plow
26:55 Hand Cart
27:07 Caravan
29:38 Imperial Age
27:36 Loom
27:37 Town Watch
28:04 Scale Mail Armor
28:14 Forging
28:07 Padded Archer Armor
27:50 Pikeman
28:30 Squires
28:16 Arson
29:40 Chain Mail Armor
30:43 Chemistry
29:55 Wagenburg Tactics
30:45 Iron Casting
29:48 Halberdier
31:43 Plate Mail Armor
31:19 Scale Barding Armor
32:55 Blast Furnace
33:55 Conscription
34:54 Two-Man Saw
36:07 Chain Barding Armor
36:03 Leather Archer Armor
38:26 Siege Engineers
38:44 Houfnice
39:43 Treadmill Crane
43:38 Town Patrol
44:38 Ring Archer Armor
43:59 Fletching
53:47 Sappers
BillyBat
0:56 Loom
13:09 Feudal Age
14:27 Wheelbarrow
20:34 Castle Age
18:42 Double-Bit Axe
19:48 Horse Collar
20:20 Gold Mining
24:28 Hand Cart
25:47 Bow Saw
25:33 Stone Mining
26:19 Gold Shaft Mining
25:48 Heavy Plow
28:08 Forging
28:04 Scale Barding Armor
30:43 Imperial Age
32:09 Crop Rotation
32:17 Iron Casting
32:03 Chain Barding Armor
33:23 Conscription
33:48 Caravan
36:07 Blast Furnace
35:44 Plate Barding Armor
37:28 Elite Boyar
39:39 Two-Man Saw
38:53 Detinets
38:54 Druzhina
39:40 Masonry
39:51 Ballistics
40:32 Chemistry
39:23 Guard Tower
39:43 Fortified Wall
39:29 Murder Holes
40:23 Capped Ram
41:32 Careening
41:33 Clinker Construction
41:53 Siege Ram
44:22 Hoardings
43:18 Sappers
43:54 Scale Mail Armor
43:45 Fletching
43:55 Padded Archer Armor
48:32 Siege Engineers
48:48 Dry Dock
48:49 Carvel Hull
48:47 Chain Mail Armor
48:28 Bodkin Arrow
48:49 Leather Archer Armor
48:53 Redemption
48:44 Atonement
49:05 Sanctity
48:46 Devotion
49:11 Illumination
49:02 Block Printing
49:34 Coinage
asd40130069
5:48 Double-Bit Axe
10:22 Feudal Age
11:52 Loom
15:33 Castle Age
14:01 Bow Saw
17:49 Wheelbarrow
20:53 Horse Collar
21:55 Heavy Plow
23:29 Gold Mining
25:11 Gold Shaft Mining
25:04 Forging
24:59 Scale Barding Armor
26:36 Hand Cart
29:15 Imperial Age
27:41 Iron Casting
27:26 Chain Barding Armor
27:28 Ballistics
27:07 Stone Mining
28:00 Husbandry
27:45 Light Cavalry
27:45 Cavalier
28:34 Caravan
31:07 Chemistry
31:13 Blast Furnace
31:17 Plate Barding Armor
32:00 Conscription
32:57 Paladin
36:23 Coinage
36:41 Crop Rotation
37:12 Two-Man Saw
37:04 Banking
36:46 Guilds
40:18 Town Watch
47:58 Hussar
JebusLorenzo
0:32 Loom
15:45 Feudal Age
19:35 Castle Age
19:07 Double-Bit Axe
22:32 Horse Collar
26:32 Bow Saw
27:09 Wheelbarrow
29:42 Heavy Plow
35:02 Imperial Age
33:54 Light Cavalry
34:35 Husbandry
34:46 Bloodlines
35:46 Forging
35:42 Scale Barding Armor
35:38 Padded Archer Armor
35:28 Fletching
36:30 Ballistics
36:14 Double Crossbow
38:05 Elite Ballista Elephant
38:27 Hussar
40:40 Chemistry
43:39 Chain Barding Armor
43:35 Leather Archer Armor
43:15 Bodkin Arrow
43:56 Iron Casting
46:43 Crop Rotation
46:30 Hand Cart
46:42 Caravan
WarW◯lf 103 {WYR}
8:29 Loom
12:13 Feudal Age
12:48 Horse Collar
13:16 Double-Bit Axe
16:26 Gold Mining
19:13 Castle Age
19:59 Heavy Plow
20:12 Bow Saw
26:27 Imperial Age
25:35 Wheelbarrow
25:52 Bloodlines
26:47 Capped Ram
26:49 Light Cavalry
27:34 Husbandry
Мужикman
0:46 Loom
15:21 Feudal Age
17:11 Double-Bit Axe
17:13 Horse Collar
23:27 Castle Age
21:20 Gold Mining
21:47 Stone Mining
24:18 Bow Saw
28:39 Bow Saw
29:56 Heavy Plow
32:05 Wheelbarrow
32:17 Gold Shaft Mining
32:22 Fortified Wall
32:13 Town Watch
34:02 Hand Cart
36:19 Imperial Age
34:04 Fletching
34:56 Stone Shaft Mining
34:35 Masonry
34:45 Padded Archer Armor
34:49 Nomads
35:14 Bodkin Arrow
35:41 Leather Archer Armor
35:49 Ballistics
35:44 Town Patrol
36:22 Forging
36:39 Caravan
36:41 Elite Mangudai
37:47 Conscription
37:29 Bracer
36:53 Onager
39:33 Chemistry
38:39 Siege Engineers
39:37 Chemistry
39:04 Siege Onager
40:21 Drill
44:51 Murder Holes
RH450
4:35 Loom
12:39 Feudal Age
17:02 Castle Age
17:28 Double-Bit Axe
17:25 Horse Collar
17:38 Gold Mining
27:37 Fortified Wall
29:23 Bow Saw
29:48 Scale Barding Armor
29:53 Heavy Plow
34:55 Imperial Age
32:14 Town Watch
33:08 Wheelbarrow
35:03 Elite Monaspa
36:01 Aznauri Cavalry
36:23 Chain Barding Armor
36:05 Scale Mail Armor
36:44 Stone Mining
37:08 Forging
38:20 Plate Barding Armor
38:45 Squires
38:38 Man-at-Arms
39:20 Gambesons
39:23 Arson
39:38 Long Swordsman
39:41 Pikeman
41:01 Iron Casting
40:41 Chain Mail Armor
40:38 Two-Handed Swordsman
40:41 Halberdier
42:47 Hoardings
42:36 Conscription
42:48 Champion
45:08 Blast Furnace
46:25 Hoardings
Wardaddy
0:32 Loom
11:45 Feudal Age
17:53 Castle Age
16:24 Double-Bit Axe
18:07 Pikeman
19:57 Bow Saw
20:13 Horse Collar
23:39 Elite Skirmisher
26:28 Squires
Connection lost

Rejoining the realm…

Still unreachable

The connection could not be restored.

Session expired

The server has moved on; the page needs a fresh start.